 Dungeon Crawl Stone Soup version 0.30-a0-996-ga6910c8ee8 (webtiles) character file.

Game seed: 1589165528813148614

150 ThatPearl the Chopper (level 5, 0/47 HPs)
             Began as a Hill Orc Monk on Apr 5, 2023.
             Was a Believer of Beogh.
             Killed from afar by an orc wizard (7 damage)
             ... with a magic dart
             ... on level 4 of the Dungeon.
             The game lasted 00:06:23 (2641 turns).

ThatPearl the Chopper (Hill Orc Monk)               Turns: 2641, Time: 00:06:24

Health: 0/47       AC:  5    Str: 16    XL:     5   Next: 32%
Magic:  5/5        EV: 12    Int: 10    God:    Beogh [**....]
Gold:   110        SH:  0    Dex: 13    Spells: 4/4 levels left

rFire   . . .      SeeInvis .    a - +0 hand axe
rCold   . . .      Faith    .    (no shield)
rNeg    . . .      Spirit   .    b - +0 robe
rPois   .          Reflect  .    k - +2 helmet
rElec   .          Rampage  .    (no cloak)
rCorr   .                        (no gloves)
Will    .....                    (no boots)
Stlth   ++                       (no amulet)
HPRegen 0.27/turn                (no ring)
MPRegen 0.09/turn                (no ring)

@: no status effects
A: no striking features
a: Renounce Religion, Smiting


You were on level 4 of the Dungeon.
You worshipped Beogh.
Beogh was pleased with you.
You visited 1 branch of the dungeon, and saw 4 of its levels.

You collected 110 gold pieces.

Inventory:

Hand Weapons
 a - a +0 hand axe (weapon)
Armour
 b - a +0 robe (worn)
 k - a +2 helmet (worn)
Jewellery
 d - a ring of fire
Scrolls
 f - 3 scrolls of identify {unknown}
 i - a scroll of immolation {unknown}
 j - a scroll of enchant weapon {unknown}
 l - a scroll of vulnerability {unknown}
 m - a scroll of fog {unknown}
Potions
 c - a potion of ambrosia
 e - 2 potions of lignification {unknown}
 g - 2 potions of curing {unknown}
 h - a potion of haste {unknown}


   Skills:
 + Level 4.9 Fighting
 * Level 6.6 Axes
 - Level 2.4 Dodging
 - Level 1.5 Stealth
 + Level 1.3 Invocations


You had 4 spell levels left.
You didn't know any spells.
Your spell library contained the following spells:

 Spells                   Type           Power      Damage    Failure   Level
 Kiss of Death            Conj/Necr      0%         2d5       36%         1
 Mephitic Cloud           Conj/Pois/Air  0%         N/A       75%         3
 Stone Arrow              Conj/Erth      0%         3d7       75%         3
 Animate Armour           Summ/Erth      0%         N/A       98%         4
 Freezing Cloud           Conj/Ice/Air   0%         6-21      100%        5
 Silence                  Hex/Air        0%         N/A       100%        5
 Simulacrum               Ice/Necr       0%         N/A       100%        6
 Orb of Destruction       Conj           0%         9d5       100%        7
 Lehudib's Crystal Spear  Conj/Erth      0%         10d2      100%        8
 Polar Vortex             Ice            0%         N/A       100%        9


Dungeon Overview and Level Annotations

Branches:
Dungeon (4/15)
 Temple: D:4-7

Altars:
Cheibriados


Message History

The orc hits you with a +0 hand axe.
The orc wizard gestures at you while chanting.
You are confused.
The ball python moves out of view.
The orc attacks as you move away! The orc hits you with a +0 hand axe.
The orc wizard points at you and mumbles some strange words.
The puff of flame hits you! The orc hits you but does no damage.
You miss the orc.
The orc is moderately wounded.
You miss the orc wizard.
The orc wizard hits you with a +0 dagger.
The orc hits you with a +0 hand axe.
You completely miss the hobgoblin. You barely miss the orc.
You closely miss the orc wizard. The orc misses you.
The orc wizard hits you with a +0 dagger.
The hobgoblin hits you but does no damage.
You barely miss the orc wizard.
The orc wizard is severely wounded.
You hit the hobgoblin but do no damage. You hit the orc.
The orc hits you with a +0 hand axe.
* * * LOW HITPOINT WARNING * * *
The orc wizard hits you but does no damage.
The hobgoblin hits you but does no damage.
Okay, then.
You miss the orc.
The orc is almost dead.
You hit the hobgoblin but do no damage.
You hit the orc wizard but do no damage.
The orc hits you but does no damage. The orc wizard casts a spell at you.
The magic dart hits you.
* * * LOW HITPOINT WARNING * * *
The hobgoblin hits you.
* * * LOW HITPOINT WARNING * * *
The hobgoblin attacks as you move away! The hobgoblin barely misses you.
You feel less confused. The orc wizard casts a spell at you.
The magic dart hits you!
You die...
Beogh appreciates the orc wizard's killing of a heretic priest.

##.............
.#...............
................#
...............
###......._.....
##...........$#
#.........g...#
#..?......o...#
#.<......@o..##
##.#......##......
###......# .....
$..$......# ....
#............ ..(
#...#.#....... ..
#######........ .
.........


You could see an orc wizard, an orc and a hobgoblin.

Vanquished Creatures
  Natasha (D:3)
  2 orc wizards
  An adder (D:3)
  An ufetubus (D:4)
  4 dart slugs
  2 orcs (D:3)
  3 endoplasms
  3 giant cockroaches
  3 goblins
  3 hobgoblins
  A quokka (D:1)
  7 ball pythons
  6 bats
  6 frilled lizards
  8 kobolds
  5 rats
56 creatures vanquished.

Vanquished Creatures (others)
  A hobgoblin (D:3)
1 creature vanquished.

Grand Total: 57 creatures vanquished

Notes
Turn   | Place    | Note
-------+----------+-------------------------------------------
     0 | D:1      | ThatPearl the Hill Orc Monk began the quest for the Orb.
     0 | D:1      | Reached XP level 1. HP: 19/19 MP: 1/1
   208 | D:1      | Reached XP level 2. HP: 19/27 MP: 2/2
   330 | D:1      | Found a faded altar of an unknown god.
   534 | D:1      | Reached skill level 5 in Axes
   751 | D:2      | Reached XP level 3. HP: 33/33 MP: 3/3
  1519 | D:3      | Reached XP level 4. HP: 31/41 MP: 4/4
  1633 | D:3      | Got the Vademecum on Stormy Confrontation
  1718 | D:3      | Became a worshipper of Beogh the Brigand
  1718 | D:3      | Reached * piety under Beogh
  1718 | D:3      | Reached ** piety under Beogh
  1957 | D:3      | Reached skill level 6 in Axes
  2353 | D:3      | Noticed Natasha
  2365 | D:3      | Killed Natasha
  2366 | D:3      | Reached XP level 5. HP: 33/47 MP: 5/5
  2606 | D:4      | Found a snail-covered altar of Cheibriados.
  2615 | D:4      | Reached skill level 1 in Invocations
  2641 | D:4      | Killed from afar by an orc wizard

Illustrated notes

Levels and vault maps discovered:
D:1:      lightli_arrival_isolated_outpost, layout_rooms,
          shapermc_ecumenical_altar_totnotflames
D:2:      layout_basic, hangedman_decor_riveting
D:3:      layout_loops_corners, uniq_natasha
D:4:      layout_cave_pools, mainiacjoe_overflow_brackets, cheibriados_altar_1,
          kennysheep_nondescript, st_stairs_13

Skill      XL: |  1  2  3  4  5 |
---------------+----------------+-----
Fighting       | 4 |  4.9
Axes           | 5 6 |  6.6
Invocations    | 1 |  1.3
Dodging        | |  2.4
Stealth        | |  1.5

Action                     |  1- 3 |  4- 6 || total
---------------------------+-------+-------++-------
  Melee: Hand axe          |   138 |    76 ||   214
         Punch             |     1 |       ||     1
 Invoke: Convert to Beogh  |       |     1 ||     1
   Stab: Sleeping          |     3 |     2 ||     5
 Armour: Robe              |    23 |    25 ||    48
  Dodge: Dodged            |    83 |    51 ||   134

Table legend: (Time is in decaauts)
 A = Elapsed time spent in this place.
 B = Non-inter-level travel time spent in this place.
 C = Inter-level travel time spent in this place.
 D = Time resting spent in this place.
 E = Time spent auto-exploring this place.
 F = Levels seen in this place.
 G = Mean time per level.
                   A        B        C        D        E       F      G
               +--------+--------+--------+--------+--------+-----+--------+
         Total |   2655 |   2627 |     28 |    172 |   1884 |   4 |  663.8 |
       Dungeon |   2655 |   2627 |     28 |    172 |   1884 |   4 |  663.8 |
               +--------+--------+--------+--------+--------+-----+--------+

Top non-repeatable levels by time:
     D:3: 1093 daAuts
     D:2: 802 daAuts
     D:1: 723 daAuts
     D:4: 36 daAuts
